AoeStats
← schmeno

QS Arena

503237059Analyzed
4v4 RM · 1mo ago on Aug 30, 2026· 51m 17s· 8 players
Game mode
Random Map
Map size
Large (8 player)
Population
200
Speed
Normal
Resources
Standard
Victory
Conquest
Starting age
Dark Age
Ending age
Imperial Age
RankedLock teamsTeams togetherTeam positionsShared explorationLock speedFull tech treeHidden civsTurbo modeCheats
Victory
Defeat
🇪🇸 Lithuanians · Spain
1175
+16
🇩🇪 Teutons · Germany
1145
+17
🇲🇽 Spanish · Mexico
1132
+18
🇵🇪 Muisca · Peru
1124
+18
🇺🇸 Maya · United States
1246
-21
🇺🇸 Saracens · United States
1183
-18
🇺🇸 Goths · United States
1178
-18
🇺🇸 Italians · United States
1091
-14
sabin
9:42 Feudal Age
10:41 Horse Collar
13:06 Castle Age
12:27 Forging
12:09 Loom
12:31 Double-Bit Axe
14:59 Light Cavalry
18:01 Pikeman
19:39 Fervor
22:06 Stone Mining
22:13 Gold Mining
28:18 Wheelbarrow
27:28 Town Watch
31:27 Imperial Age
29:56 Hand Cart
29:34 Fletching
29:54 Elite Skirmisher
30:43 Bodkin Arrow
30:49 Padded Archer Armor
31:10 Ballistics
31:18 Scale Mail Armor
31:19 Squires
31:05 Gambesons
30:40 Man-at-Arms
31:06 Arson
31:57 Sanctity
31:50 Redemption
32:08 Leather Archer Armor
32:30 Iron Casting
32:08 Masonry
32:13 Thumb Ring
33:22 Chemistry
32:09 Capped Ram
33:02 Bracer
33:36 Ring Archer Armor
33:42 Block Printing
33:52 Illumination
34:30 Conscription
34:31 Scale Barding Armor
33:48 Long Swordsman
36:53 Hoardings
37:13 Stone Shaft Mining
37:48 Inquisition
38:09 Supremacy
38:30 Bloodlines
38:20 Husbandry
38:38 Siege Ram
38:46 Two-Handed Swordsman
39:53 Cavalier
40:55 Chain Barding Armor
41:36 Blast Furnace
41:32 Bow Saw
41:26 Heavy Plow
41:07 Champion
41:32 Sappers
43:00 Chain Mail Armor
43:21 Plate Barding Armor
42:08 Hussar
43:50 Elite Conquistador
45:15 Plate Mail Armor
47:27 Bombard Tower
47:38 Architecture
48:43 Coinage
49:36 Paladin
DictadorTirano
8:35 Feudal Age
9:07 Horse Collar
10:37 Loom
13:25 Castle Age
11:25 Double-Bit Axe
13:12 Champi Runner
16:55 Bow Saw
19:20 Wheelbarrow
21:08 Champi Warrior
23:42 Hand Cart
23:15 Town Watch
24:50 Heavy Plow
25:52 Scale Mail Armor
26:37 Forging
29:51 Imperial Age
27:52 Chain Mail Armor
28:15 Iron Casting
27:48 Town Patrol
28:48 Squires
28:51 Stone Mining
28:53 Gold Mining
30:17 Herbalism
31:45 Two-Man Saw
31:22 Gold Shaft Mining
30:16 Elite Champi Warrior
30:24 Capped Ram
32:53 Plate Mail Armor
33:54 Onager
36:01 Crop Rotation
35:43 Heavy Scorpion
37:49 Chemistry
38:35 Siege Engineers
38:16 Treadmill Crane
41:27 Padded Archer Armor
41:19 Fletching
42:11 Conscription
42:40 Leather Archer Armor
42:21 Bodkin Arrow
43:19 Conscription
45:12 Masonry
45:57 Bracer
46:21 Ballistics
47:50 Huaracas
51:22 Hoardings
Dijhinn
7:28 Feudal Age
11:58 Castle Age
10:37 Double-Bit Axe
11:09 Horse Collar
14:54 Bow Saw
16:46 Heavy Plow
21:03 Wheelbarrow
21:19 Stone Mining
22:26 Town Watch
22:59 Hand Cart
22:32 Loom
23:16 Sanctity
24:35 Gold Mining
27:41 Imperial Age
25:56 Scale Barding Armor
26:01 Forging
27:05 Bloodlines
26:55 Husbandry
27:43 Chain Barding Armor
28:43 Conscription
27:51 Cavalier
30:08 Crop Rotation
30:47 Two-Man Saw
30:25 Plate Barding Armor
29:49 Paladin
32:55 Iron Casting
35:00 Light Cavalry
36:30 Treadmill Crane
37:01 Masonry
38:39 Caravan
42:32 Coinage
52:17 Stone Shaft Mining
52:15 Architecture
51:57 Fervor
52:26 Hoardings
51:45 Fletching
51:57 Town Patrol
4♚Dreams
9:34 Feudal Age
10:13 Double-Bit Axe
13:56 Castle Age
11:55 Horse Collar
14:52 Wheelbarrow
14:02 Loom
14:44 Heavy Plow
15:00 Bow Saw
23:12 Hand Cart
23:32 Gold Mining
27:58 Imperial Age
25:50 Scale Barding Armor
25:56 Forging
26:26 Town Watch
28:19 Chain Barding Armor
28:34 Iron Casting
28:40 Bloodlines
29:58 Two-Man Saw
29:31 Crop Rotation
28:30 Cavalier
29:55 Caravan
30:37 Plate Barding Armor
30:50 Stone Mining
32:05 Blast Furnace
30:59 Paladin
36:18 Fortified Wall
38:52 Ironclad
38:58 Conscription
49:40 Scale Mail Armor
49:14 Man-at-Arms
49:56 Squires
49:42 Gambesons
49:56 Long Swordsman
50:59 Chain Mail Armor
50:32 Two-Handed Swordsman
52:11 Plate Mail Armor
Tired Cock
8:28 Feudal Age
12:18 Castle Age
10:22 Double-Bit Axe
10:50 Horse Collar
17:43 Bow Saw
19:05 Heavy Plow
22:58 Scale Mail Armor
22:49 Fletching
23:38 Loom
24:31 Wheelbarrow
27:12 Imperial Age
26:08 Chain Mail Armor
26:20 Anarchy
26:30 Pikeman
27:10 Squires
27:48 Forging
27:34 Bodkin Arrow
27:43 Halberdier
29:27 Caravan
31:04 Perfusion
31:25 Conscription
30:26 Elite Huskarl
30:41 Elite Huskarl
31:44 Conscription
31:26 Perfusion
31:48 Conscription
33:51 Elite Huskarl
37:38 Iron Casting
39:45 Blast Furnace
41:35 Murder Holes
42:03 Man-at-Arms
42:37 Long Swordsman
43:05 Two-Handed Swordsman
43:30 Champion
44:43 Masonry
r smothers
9:09 Feudal Age
12:50 Castle Age
10:55 Double-Bit Axe
13:07 Horse Collar
13:48 Bow Saw
13:49 Heavy Plow
15:10 Squires
15:14 Scale Mail Armor
16:11 Eagle Warrior
18:46 Loom
21:24 Chain Mail Armor
23:35 Wheelbarrow
24:40 Forging
24:48 Gold Mining
26:43 Iron Casting
26:24 Town Watch
27:16 Hand Cart
28:00 Town Patrol
31:27 Imperial Age
28:56 Pikeman
31:51 Elite Eagle Warrior
34:15 Two-Man Saw
34:02 Masonry
33:22 Halberdier
35:59 Architecture
36:14 Conscription
37:22 Holcans
39:01 Plate Mail Armor
39:16 Arson
42:23 Blast Furnace
schmeno
7:59 Feudal Age
11:47 Castle Age
10:07 Double-Bit Axe
10:26 Horse Collar
12:58 Bow Saw
17:15 Loom
18:09 Wheelbarrow
19:15 Heavy Plow
19:32 Stone Mining
20:22 Gold Mining
22:01 Hand Cart
21:33 Town Watch
29:01 Imperial Age
26:44 Fortified Wall
27:25 Scale Barding Armor
28:00 Forging
28:57 Chain Barding Armor
29:38 Gold Shaft Mining
29:46 Iron Casting
29:57 Fletching
30:20 Bloodlines
30:10 Husbandry
29:33 Elite Mameluke
30:41 Ballistics
32:21 Plate Barding Armor
31:44 Bodkin Arrow
33:26 Chemistry
33:08 Light Cavalry
34:55 Blast Furnace
40:21 Siege Engineers
43:02 Bracer
45:17 Bimaristan
Simon Nelson Cook
8:33 Feudal Age
12:40 Castle Age
10:37 Double-Bit Axe
11:03 Horse Collar
11:17 Loom
14:05 Bow Saw
21:42 Imperial Age
20:36 Wheelbarrow
20:09 Fletching
22:07 Gold Mining
22:10 Stone Mining
22:17 Bodkin Arrow
22:23 Padded Archer Armor
24:06 Chemistry
25:48 Light Cavalry
26:36 Scale Barding Armor
26:44 Bloodlines
30:07 Hand Cart
33:06 Elite Genoese Crossbowman
34:27 Ballistics
34:02 Murder Holes
34:07 Elite Genoese Crossbowman
37:51 Bracer
38:07 Leather Archer Armor
39:51 Hussar
41:44 Ring Archer Armor
41:28 Forging
Connection lost

Rejoining the realm…

Still unreachable

The connection could not be restored.

Session expired

The server has moved on; the page needs a fresh start.